 Dungeon Crawl Stone Soup version 0.28-a0-178-ga708605c5b (webtiles) character file.

Game seed: 6617837626386231326

4747 frimble the Fighter (level 10, 0/81 (93) HPs)
             Began as a Minotaur Warper on Aug 17, 2021.
             Slain by a wight (3 damage)
             ... on level 9 of the Dungeon.
             The game lasted 00:10:36 (9757 turns).

frimble the Fighter (Minotaur Warper)               Turns: 9757, Time: 00:10:36

HP:   0/81 (93)     AC:  8    Str: 23    XL:     10   Next: 23%
MP:   11/11         EV:  6    Int: 12    God:
Gold: 1552          SH:  0    Dex: 11    Spells: 9/11 levels left

rFire   . . .      SeeInvis .   E - +5 dagger "Goblinslayer" {vorpal, *Slow +Rage rElec Str+7}
rCold   . . .      Faith    .   h - +0 buckler
rNeg    . . .      Spirit   .   f - +0 leather armour
rPois   .          Reflect  .   (helmet restricted)
rElec   +          Harm     .   (no cloak)
rCorr   .          Rampage  .   B - +0 pair of gloves
Will    .....                   (no boots)
Stlth   ++........              (no amulet)
HPRegen 0.23/turn               m - +4 ring of protection
MPRegen 0.12/turn               c - ring of wizardry

@: marked, on berserk cooldown, held, slowed, heavily drained, very slow
A: horns 2, retaliatory headbutt
a: Evoke Berserk Rage


You were on level 9 of the Dungeon.
You visited 1 branch of the dungeon, and saw 9 of its levels.

You collected 1656 gold pieces.
You spent 104 gold pieces at shops.

Inventory:

Hand Weapons
 a - a +3 scimitar of freezing
 b - a +1 hunting sling
 t - a +2 dagger of speed
 E - the +5 dagger "Goblinslayer" (weapon) {vorpal, *Slow +Rage rElec Str+7}
   (You found it on level 4 of the Dungeon)

   It inflicts extra damage upon your enemies.
   Str:       It affects your strength (+7).
   rElec:     It insulates you from electricity.
   +Rage:     It lets you go berserk.
   *Slow:     It may slow you when you take damage.
Missiles
 d - 5 boomerangs of dispersal (quivered)
 g - 41 sling bullets
 k - 8 javelins
 s - 4 throwing nets
Armour
 f - a +0 leather armour (worn)
 h - a +0 buckler (worn)
 B - a +0 pair of gloves (worn)
Jewellery
 c - a ring of wizardry (right hand)
 m - a +4 ring of protection (left hand)
 r - a ring of protection from cold
 y - a ring of resist corrosion
 F - a ring of fire
Wands
 o - a wand of flame (24)
 u - a wand of iceblast (17)
 A - a wand of paralysis (11)
Scrolls
 e - a scroll of immolation
 x - 2 scrolls of blinking
 C - a scroll of amnesia
Potions
 i - a potion of cancellation
 j - a potion of might
 l - 2 potions of invisibility
 n - a potion of curing
 p - 3 potions of attraction
 q - 3 potions of mutation
 v - a potion of degeneration {unknown}
 w - 3 potions of heal wounds
 z - 2 potions of ambrosia {unknown}
Miscellaneous
 D - a lightning rod (4/4)


   Skills:
 + Level 10.0 Fighting
 - Level 6.0(7.4) Short Blades
 + Level 7.4(8.6) Long Blades
 - Level 3.8(5.4) Slings
 - Level 5.4(6.0) Throwing
 - Level 1.4 Armour
 - Level 2.3 Dodging
 - Level 3.0 Stealth
 - Level 4.0 Shields
 - Level 1.4 Spellcasting
 - Level 2.2 Translocations
 + Level 4.0 Evocations


You had 9 spell levels left.
You knew the following spells:

 Your Spells              Type           Power      Damage    Failure   Level
a - Blink                 Tloc           N/A        N/A       9%          2

Your spell library contained the following spells:

 Spells                   Type           Power      Damage    Failure   Level
 Apportation              Tloc           12%        N/A       5%          1
 Animate Skeleton         Necr           0%         N/A       13%         1
 Beastly Appendage        Tmut           0%         N/A       13%         1
 Corona                   Hex            0%         N/A       13%         1
 Sandblast                Erth           0%         2d4       13%         1
 Summon Small Mammal      Summ           0%         N/A       13%         1
 Gell's Gravitas          Tloc           3%         N/A       16%         3
 Lesser Beckoning         Tloc           3%         N/A       16%         3
 Teleport Other           Tloc           6%         N/A       16%         3
 Corpse Rot               Necr/Air       N/A        N/A       21%         2
 Passwall                 Tmut/Erth      0%         N/A       21%         2
 Static Discharge         Conj/Air       0%         N/A       21%         2
 Wereblood                Tmut           0%         N/A       21%         2
 Portal Projectile        Hex/Tloc       6%         N/A       24%         3
 Call Canine Familiar     Summ           0%         N/A       36%         3
 Spider Form              Tmut/Pois      0%         N/A       36%         3
 Dispel Undead            Necr           0%         3d6       75%         4
 Leda's Liquefaction      Hex/Erth       0%         N/A       75%         4
 Manifold Assault         Tloc           6%         N/A       78%         5
 Lee's Rapid Deconstruct  Erth           0%         3d5*      97%         5
 Lightning Bolt           Conj/Air       0%         1d11      97%         5
 Death Channel            Necr           0%         N/A       100%        6
 Maxwell's Capacitive Co  Air            0%         ∞         100%        8


Dungeon Overview and Level Annotations

Branches:
Dungeon (9/15)             Temple (0/1) D:7            Lair (0/6) D:9
    Orc: D:9-12

Altars:
Makhleb
Wu Jian

Shops:
D:9 !

Annotations:
D:9 Harold


Innate Abilities, Weirdness & Mutations

You have a pair of horns on your head.
You reflexively headbutt those who attack you in melee.


Message History

You feel drained. The wight freezes you.
You closely miss the wight.
The wight is heavily damaged.
Harold the Weathered comes into view.
He is wielding a +6 flail of venom.
The human closely misses you. You furiously retaliate!
You headbutt the human. The wight hits you with a +0 mace.
You feel drained.
You barely miss the wight.
The wight is heavily damaged.
The wight hits you with a +3 mace of freezing!
You feel drained. The wight freezes you.
Harold throws a throwing net.
The throwing net hits you.
You become entangled in the net!
The human barely misses you.
You struggle against the net.
The wight hits you with a +0 mace.
You feel drained. The wight barely misses you. You furiously retaliate!
You headbutt the wight. Harold casts a spell at you.
A sentinel's mark forms upon you. The human hits you.
* * * LOW HITPOINT WARNING * * *
You struggle against the net.
You feel a strong urge to attack something.
The wight hits you with a +0 mace.
* * * LOW HITPOINT WARNING * * *
You feel drained.
* * * LOW HITPOINT WARNING * * *
The wight hits you with a +3 mace of freezing.
* * * LOW HITPOINT WARNING * * *
The wight freezes you.
* * * LOW HITPOINT WARNING * * *
The human hits you.
* * * LOW HITPOINT WARNING * * *
You struggle against the net.
You are no longer berserk.
You are exhausted.
You feel as though you will be slow longer.
The wight hits you but does no damage.
The wight hits you with a +3 mace of freezing!
* * * LOW HITPOINT WARNING * * *
You feel drained.
You die...

.P.... ....Z .P......P.####.....
.........P.............
....P.....P............
.......P.P...P....p....
....P..P..P.......z....
.................z.....
.PP....>PP†P...z#######
.P......P.P....p@..>..#
....P..P..P....z......#..
...P.....P...........@'..
..........PP...########..
#...P.PP..P.....'.....##########
....)...P.P.....#..............#
.......P....P...#..............#
....†P..........#........(.....#
......P.........#..............#


You could see Harold, a human and 2 wights.

Vanquished Creatures
  A two-headed ogre (D:9)
  Sigmund (D:3)
  A wraith (D:9)
  A wyvern (D:6)
  A warg (D:9)
  4 water moccasins
  3 black bears
  An orc warrior (D:7)
  A necrophage (D:7)
  2 phantoms
  3 centaurs
  6 bullfrogs
  A gnoll sergeant (D:7)
  A wyvern zombie (D:8)
  A water moccasin skeleton (D:6)
  14 killer bees
  5 wights
  A howler monkey (D:7)
  A bullfrog zombie (D:5)
  2 centaur zombies
  2 gnoll shamans
  A jelly (D:6)
  3 orc priests
  Ijyb (D:5)
  3 iguanas
  3 orc wizards
  A killer bee zombie (D:6)
  20 gnolls
  5 adders
  A shadow imp (D:7)
  4 white imps
  An ufetubus (D:6)
  2 adder skeletons (D:4)
  4 worms
  3 dart slugs
  14 orcs
  6 ball pythons
  8 endoplasms
  4 giant cockroaches
  8 goblins
  5 hobgoblins
  7 jackals
  3 kobolds
  A quokka (D:3)
  7 bats
  3 frilled lizards
  7 rats
178 creatures vanquished.

Vanquished Creatures (others)
  32 fungi (D:9)
  48 plants (D:9)
80 creatures vanquished.

Grand Total: 258 creatures vanquished

Notes
Turn   | Place    | Note
-------+----------+-------------------------------------------
     0 | D:1      | frimble the Minotaur Warper began the quest for the Orb.
     0 | D:1      | Reached XP level 1. HP: 18/18 MP: 1/1
    40 | D:1      | Reached XP level 2. HP: 25/25 MP: 3/3
    76 | D:1      | Found a faded altar of an unknown god.
    77 | D:1      | You fall into a shaft and drop 1 floor!
   384 | D:2      | Reached skill level 3 in Fighting
   414 | D:2      | Reached XP level 3. HP: 16/31 MP: 4/4
   777 | D:1      | Reached skill level 1 in Slings
  1307 | D:2      | Reached XP level 4. HP: 36/38 MP: 5/5
  1581 | D:2      | Identified a scroll of acquirement
  1581 | D:2      | Acquired 1206 gold pieces
  1847 | D:3      | Noticed Sigmund
  1870 | D:2      | Learned a level 2 spell: Blink
  1904 | D:3      | Reached XP level 5. HP: 34/46 MP: 6/6
  2077 | D:3      | Killed Sigmund
  2078 | D:3      | Reached skill level 4 in Fighting
  2078 | D:3      | Reached XP level 6. HP: 11/53 MP: 7/7
  3194 | D:3      | Found a burning altar of Makhleb.
  3859 | D:3      | Reached skill level 5 in Long Blades
  3863 | D:3      | Reached skill level 5 in Fighting
  4228 | D:4      | Reached XP level 7. HP: 41/61 MP: 8/8
  4354 | D:4      | Identified the +5 dagger "Goblinslayer" {vorpal, *Slow
                  | +Rage rElec Str+7}
  4737 | D:5      | Entered Level 5 of the Dungeon
  4740 | D:5      | Noticed Ijyb
  4750 | D:5      | Killed Ijyb
  4788 | D:5      | Reached skill level 1 in Shields
  5278 | D:5      | Reached skill level 1 in Short Blades
  5448 | D:6      | Noticed a wyvern
  5458 | D:6      | Killed a wyvern
  5759 | D:6      | Reached skill level 6 in Fighting
  5759 | D:6      | Reached XP level 8. HP: 52/70 MP: 9/9
  6893 | D:7      | Reached skill level 5 in Throwing
  6984 | D:7      | Found an ornate altar of the Wu Jian Council.
  6997 | D:7      | Reached skill level 7 in Fighting
  7120 | D:7      | Found a staircase to the Ecumenical Temple.
  7498 | D:7      | Reached skill level 5 in Short Blades
  7719 | D:8      | Reached XP level 9. HP: 67/81 MP: 10/10
  7910 | D:8      | Reached skill level 8 in Fighting
  8567 | D:8      | Reached skill level 1 in Stealth
  8567 | D:8      | Reached skill level 1 in Evocations
  8854 | D:9      | Found Uricle's Distillery.
  8862 | D:9      | Bought a potion of heal wounds for 65 gold pieces
  8862 | D:9      | Bought a potion of attraction for 39 gold pieces
  9015 | D:9      | Noticed a two-headed ogre
  9029 | D:9      | Killed a two-headed ogre
  9030 | D:9      | Reached skill level 9 in Fighting
  9381 | D:9      | Reached XP level 10. HP: 52/91 MP: 11/11
  9624 | D:9      | Found a staircase to the Lair.
  9743 | D:9      | Reached skill level 10 in Fighting
  9753 | D:9      | Noticed Harold
  9757 | D:9      | HP: 3/84 [wight (11)]
  9757 | D:9      | Slain by a wight

Illustrated notes

Levels and vault maps discovered:
D:1:      lightli_arrival_maybe_door_vault, layout_basic,
          shapermc_ecumenical_altar_venn
D:2:      layout_rooms
D:3:      layout_rooms, lemuel_coloured_pillars_altar, serial_aquarium,
          aquarium_bridge_square [aquarium_subvault_window,
          aquarium_subvault_bridge, aquarium_subvault_window,
          aquarium_subvault_bridge], aquarium_bridge_long_separate
          [aquarium_subvault_wall, aquarium_subvault_bridge,
          aquarium_subvault_wall, aquarium_subvault_bridge,
          aquarium_subvault_bridge, aquarium_subvault_wall],
          aquarium_window_corridor_1, aquarium_window_fake, aquarium_view_2f,
          aquarium_view_2f, aquarium_balcony_1b, aquarium_pool_four,
          minmay_quadrilaterals, uniq_sigmund
D:4:      layout_cave_pools
D:5:      layout_loops_cross, uniq_ijyb
D:6:      layout_loops_ring
D:7:      layout_rooms, mainiacjoe_overflow_catwalk,
          minmay_temple_entry_junction, patterned_corridor
D:8:      layout_rooms, grunt_ministairs_9, amcnicky_mini_pool_small,
          st_stairs_5, kennysheep_decorative_pillar
D:9:      layout_stronghold, minitemple,
          chequers_temple_overflow_statue_of_worship,
          due_lair_maze_entry_diamond, erik_orc_4, serial_shops, shop_fountains,
          ebering_ghost_inner_flame, serial_column_ruins, column_ruins_hut,
          column_ruins_open_tiny, column_ruins_open_large,
          column_ruins_open_tiny, column_ruins_grid_1, column_ruins_grid_3,
          column_ruins_open_small, uniq_harold

Skill      XL: |  1  2  3  4  5  6  7  8  9 10 |
---------------+-------------------------------+-----
Fighting       | 3 4 5 6 7 9 10 | 10.0
Long Blades    | 3 4 5 6 7 |  7.4
Slings         | 1 2 3 |  3.8
Throwing       | 2 3 4 5 |  5.4
Shields        | 3 4 |  4.0
Short Blades   | 2 5 6 |  6.0
Stealth        | 3 |  3.0
Evocations     | 3 4 |  4.0
Armour         | |  1.4
Dodging        | |  2.3
Spellcasting   | |  1.4
Translocations | |  2.2

Action                   |  1- 3 |  4- 6 |  7- 9 | 10-12 || total
-------------------------+-------+-------+-------+-------++-------
Melee: Falchion          |    23 |       |       |       ||    23
       Dagger            |    78 |   204 |   245 |    60 ||   587
       Headbutt          |     8 |    41 |    56 |    12 ||   117
       Scimitar          |       |       |    34 |       ||    34
 Fire: Hunting sling     |     6 |    39 |    18 |       ||    63
 Cast: Blink             |       |     3 |       |       ||     3
 Abil: Evoke Berserk Rag |       |       |     2 |     1 ||     3
  Use: Scroll            |       |     5 |     6 |       ||    11
       Potion            |       |     1 |       |     1 ||     2
 Stab: Invisible         |       |     1 |       |       ||     1
Armor: Leather armour    |    26 |    62 |    81 |    15 ||   184
Dodge: Dodged            |    48 |    69 |   137 |    35 ||   289
Block: Buckler           |       |       |    39 |     6 ||    45
       Rpst.: Falchion   |     3 |       |       |       ||     3
       Scimitar          |       |       |     4 |       ||     4

Table legend: (Time is in decaauts)
 A = Elapsed time spent in this place.
 B = Non-inter-level travel time spent in this place.
 C = Inter-level travel time spent in this place.
 D = Time resting spent in this place.
 E = Time spent auto-exploring this place.
 F = Levels seen in this place.
 G = Mean time per level.
                   A        B        C        D        E       F      G
               +--------+--------+--------+--------+--------+-----+--------+
         Total |   9584 |   9319 |    265 |    108 |   7976 |   9 | 1064.9 |
       Dungeon |   9584 |   9319 |    265 |    108 |   7976 |   9 | 1064.9 |
               +--------+--------+--------+--------+--------+-----+--------+

Top non-repeatable levels by time:
     D:3: 1972 daAuts
     D:6: 1384 daAuts
     D:2: 1372 daAuts
     D:7: 1059 daAuts
     D:8: 950 daAuts
     D:9: 897 daAuts
     D:4: 766 daAuts
     D:5: 671 daAuts
     D:1: 508 daAuts
